 Dungeon Crawl Stone Soup version 0.29.1-12-g30fa7ad0bf (webtiles) character file.

Game seed: 2048318439793699528

421 soggyman666 the Magician (level 7, 0/45 HPs)
             Began as a Djinni Fire Elementalist on Dec 14, 2022.
             Killed by divine providence
             ... invoked by an orc priest
              (10 damage)
             ... on level 3 of the Dungeon.
             The game lasted 00:06:26 (3265 turns).

soggyman666 the Magician (Djinni Fire Elementalist) Turns: 3265, Time: 00:06:26

Health: 0/45       AC:  2    Str:  7    XL:     7   Next: 16%
Gold:   100        EV: 13    Int: 19    God:
                   SH:  0    Dex: 13

rFire   + + .      SeeInvis .   d - staff of conjuration
rCold   x . .      Faith    .   (no shield)
rNeg    . . .      Spirit   .   a - +0 robe
rPois   ∞          Reflect  .   (no helmet)
rElec   .          Harm     .   (no cloak)
rCorr   .          Rampage  .   (no gloves)
Will    .....                   (boots unavailable)
Stlth   ++........              (no amulet)
HPRegen 0.15/turn               (no ring)
MPRegen 0.00/turn               (no ring)

@: flying
A: sickness immunity, fire resistance 2, cold vulnerability 1, float, innate
caster, HP casting, extra vitality 1
a: no special abilities


You were on level 3 of the Dungeon.
You visited 1 branch of the dungeon, and saw 3 of its levels.
You also visited: Sewer.

You collected 100 gold pieces.

Inventory:

Armour
 a - a +0 robe (worn)
Magical Staves
 d - a staff of conjuration (weapon)
Scrolls
 b - a scroll of amnesia {unknown}
 f - a scroll of fear
 j - a scroll of enchant weapon {unknown}
Potions
 c - 2 potions of mutation {unknown}
 e - a potion of lignification {unknown}
 g - a potion of magic {unknown}
 h - a potion of curing
 i - 2 potions of heal wounds


   Skills:
 + Level 0.2 Fighting
 + Level 3.2 Dodging
 + Level 2.4 Stealth
 + Level 5.3 Spellcasting


You couldn't memorise any spells.
You knew the following spells:

 Your Spells              Type           Power      Damage    Failure   Level
a - Foxfire               Conj/Fire      100%       2x1d9     1%          1
b - Scorch                Fire           50%        2d7       1%          2
c - Conjure Flame         Conj/Fire      37%        6-21      4%          3
d - Inner Flame           Hex/Fire       25%        N/A       4%          3
e - Flame Wave            Conj/Fire      37%        2d10      14%         4
f - Summon Small Mammal   Summ           100%       N/A       1%          1
g - Blink                 Tloc           50%        N/A       1%          2
h - Dazzling Flash        Conj/Hex       74%        N/A       4%          3
Your spell library was empty.

Dungeon Overview and Level Annotations

Branches:
Dungeon (3/15)              Sewer (visited)

Altars:


Innate Abilities, Weirdness & Mutations

You are immune to sickness and miasma.
You are immune to poison.
Your flesh is very heat resistant. (rF++)
You are vulnerable to cold. (rC-)
You float through the air rather than walking.
You learn spells naturally, not from books.
Your magical power is your life essence.
You have superior vitality. (+4 MHP)


Message History

Terence hits you with a +0 falchion.
You feel a surge of power!
You conjure some foxfire!
The foxfire hits Terence.
Terence resists.
Terence is heavily wounded.
The foxfire hits Terence.
Terence resists.
Terence is heavily wounded.
The orc priest mumbles some strange prayers to Beogh against you.
Beogh smites you!
The foxfire hits the orc!
You kill the orc!
Terence barely misses you.
Casting: Foxfire (safe; 1% risk of failure)
Confirm with . or Enter, or press ? or * to list all spells.
Flames lash Terence.
Terence resists.
Terence is heavily wounded.
Terence's fire resistance burns away.
* * * LOW HITPOINT WARNING * * *
The foxfire hits Terence.
Terence is almost dead.
Terence closely misses you.
Casting: Scorch (safe; 2% risk of failure)
Confirm with . or Enter, or press ? or * to list all spells.
Flames lash Terence.
You kill Terence!
* * * LOW HITPOINT WARNING * * *
You are too injured to fight recklessly!
You are too injured to fight recklessly!
Casting: Scorch (safe; 1% risk of failure)
Confirm with . or Enter, or press ? or * to list all spells.
You feel a surge of power!
You conjure some foxfire!
* * * LOW HITPOINT WARNING * * *
Unknown command.
Casting: Foxfire (safe; 1% risk of failure)
Confirm with . or Enter, or press ? or * to list all spells.
You feel a surge of power!
You conjure some foxfire!
* * * LOW HITPOINT WARNING * * *
Your foxfire dissipates!
The foxfire hits the orc but does no damage. x3
The orc priest mumbles some strange prayers to Beogh against you.
Beogh smites you!
You die...

#......... #........# #........#
#........# #.)†.o...# #........#
#§.o.....# # #######§.).....#
.....$.@######## #######.#
###.########## ###
#............#####.#
#............##....#
##############............##.##.#
..........................##.##.#
†)..............).........##.##.#
.................)........##.....


You could see an orc priest and an orc.

Vanquished Creatures
  2 kobold brigands (Sewer)
  A scorpion (D:2)
  Terence (D:3)
  4 adders
  7 river rats
  5 worms
  A dart slug (D:1)
  11 orcs (D:3)
  2 ball pythons (D:1)
  An endoplasm (D:1)
  2 giant cockroaches (D:2)
  4 goblins
  6 hobgoblins
  5 jackals
  10 kobolds
  6 bats
  2 frilled lizards
  14 rats
84 creatures vanquished.

Vanquished Creatures (collateral kills)
  A foxfire (Sewer)
1 creature vanquished.

Vanquished Creatures (others)
  302 foxfires
302 creatures vanquished.

Grand Total: 387 creatures vanquished

Notes
Turn   | Place    | Note
-------+----------+-------------------------------------------
     0 | D:1      | soggyman666 the Djinni Fire Elementalist began the quest
                  | for the Orb.
     0 | D:1      | soggyman666 set off with the following spells memorised:
                  | Foxfire, Scorch, Conjure Flame, Inner Flame, Flame Wave.
     0 | D:1      | Reached XP level 1. HP: 15/15 MP: 0/0
    91 | D:1      | Reached XP level 2. HP: 10/21 MP: 0/0
   694 | D:1      | Reached skill level 3 in Spellcasting
  1014 | D:1      | Reached XP level 3. HP: 22/25 MP: 0/0
  1014 | D:1      | Learned a level 1 spell: Summon Small Mammal
  1774 | D:2      | Noticed a scorpion
  1781 | D:2      | Killed a scorpion
  1782 | D:2      | Reached XP level 4. HP: 23/31 MP: 0/0
  1782 | D:2      | Reached XP level 5. HP: 26/35 MP: 0/0
  1782 | D:2      | Learned a level 2 spell: Blink
  2197 | D:3      | Reached skill level 4 in Spellcasting
  2419 | D:3      | Reached XP level 6. HP: 27/40 MP: 0/0
  2438 | D:3      | Found a glowing drain.
  2476 | Sewer    | Entered a sewer
  2770 | Sewer    | Reached skill level 5 in Spellcasting
  2770 | Sewer    | Reached XP level 7. HP: 33/45 MP: 0/0
  2770 | Sewer    | Learned a level 3 spell: Dazzling Flash
  2883 | Sewer    | Found a white marble altar of Elyvilon.
  3250 | D:3      | Noticed Terence
  3262 | D:3      | Killed Terence
  3265 | D:3      | Killed from afar by an orc priest

Illustrated notes

Levels and vault maps discovered:
D:1:      eino_arrival_tree_alley, layout_rooms
D:2:      layout_rooms, basic_altar
D:3:      layout_basic, lightli_sewer_entry_pipes, st_stairs_13, uniq_terence

Skill      XL: |  1  2  3  4  5  6 |
---------------+-------------------+-----
Spellcasting   | 3 4 5 |  5.3
Stealth        | 2 |  2.4
Dodging        | 3 |  3.2
Fighting       | |  0.2

Action                   |  1- 3 |  4- 6 |  7- 9 || total
-------------------------+-------+-------+-------++-------
 Cast: Foxfire           |    89 |    55 |    34 ||   178
       Scorch            |       |    12 |     5 ||    17
       Flame Wave        |       |     1 |       ||     1
  Use: Scroll            |       |     3 |       ||     3
Armor: Robe              |     3 |     2 |     1 ||     6
Dodge: Dodged            |     5 |     8 |     5 ||    18
